 Dungeon Crawl Stone Soup version 0.26-a0-58-g79b31b8662 (webtiles) character file.

Game seed: 15659424779609568103

66311 Ijustatesigmund the Severer (level 14, -5/205 HPs)
             Began as a Minotaur Berserker on June 4, 2020.
             Was the Champion of Trog.
             Slain by Jorgrun
             ... wielding an uncursed staff of earth
              (8 damage)
             ... on level 12 of the Dungeon on June 8, 2020.
             The game lasted 00:39:43 (21769 turns).

Ijustatesigmund the Severer (Minotaur Berserker)   Turns: 21769, Time: 00:39:43

Health: -5/205     AC: 25    Str: 29    XL:     14   Next: 78%
Magic:  0/18       EV: 20    Int:  6    God:    Trog [******]
Gold:   1006       SH:  0    Dex: 14    Spells: 13/13 levels left

rFire    + . .     SeeInvis .   G - +4 executioner's axe (flame)
rCold    + . .     Gourm    .   (shield currently unavailable)
rNeg     . . .     Faith    .   s - +5 ring mail of the Harp {Str+6}
rPois    .         Spirit   +   U - +1 hat
rElec    .         Reflect  .   T - scarf {rC+ rF+}
rCorr    .         Harm     .   S - +2 pair of gloves
MR       +....                  P - +2 pair of boots
Stlth    ..........             M - amulet of guardian spirit
HPRegen  0.44/turn              z - +4 ring of evasion
MPRegen  0.16/turn              C - +4 ring of protection

@: berserking (expiring), grasped by roots, constricted, very quick
A: retaliatory headbutt, horns 2, clever 1, high mp 1, wild magic 1
a: Berserk, Trog's Hand, Brothers in Arms, Renounce Religion


You were on level 12 of the Dungeon.
You worshipped Trog.
Trog was exalted by your worship.
You were hungry.

You visited 2 branches of the dungeon, and saw 18 of its levels.

You collected 1702 gold pieces.
You spent 696 gold pieces at shops.

Inventory:

Hand Weapons
 o - a +0 broad axe of flaming
 G - a +4 executioner's axe of flaming (weapon)
 N - a +4 war axe of flaming
Missiles
 e - 73 poisoned darts (quivered)
 p - 13 silver javelins
Armour
 b - a +2 plate armour of fire resistance
 s - the +5 ring mail of the Harp (worn) {Str+6}
   (You found it on level 6 of the Dungeon)

   It affects your strength (+6).
 t - a +1 cloak
 O - a +0 plate armour of positive energy
 P - a +2 pair of boots (worn)
 R - the +3 scale mail "Hero's Friend" {+Blink Str+4}
   (You found it on level 10 of the Dungeon)

   It affects your strength (+4).
   It lets you blink.
 S - a +2 pair of gloves (worn)
 T - a scarf of resistance (worn)
 U - a +1 hat (worn)
Jewellery
 z - a +4 ring of evasion (left hand)
 C - a +4 ring of protection (right hand)
 F - an uncursed ring of fire
 M - an amulet of guardian spirit (around neck)
Wands
 l - a wand of flame (30)
 n - a wand of enslavement (14)
 E - a wand of iceblast (44)
 I - a wand of acid (12)
 K - a wand of polymorph (19)
Scrolls
 a - 12 scrolls of teleportation
 q - 6 scrolls of fog
 r - 7 scrolls of remove curse
 u - 4 scrolls of identify
 y - 5 scrolls of magic mapping
 B - a scroll of blinking
 H - a scroll of brand weapon
 L - a scroll of silence
Potions
 d - 4 potions of lignification
 f - a potion of flight
 g - 3 potions of berserk rage
 h - a potion of invisibility
 i - 2 potions of might
 j - 6 potions of cancellation
 k - 5 potions of brilliance
 m - 8 potions of heal wounds
 v - 4 potions of stabbing
 w - 2 potions of ambrosia
 x - 6 potions of curing
 A - a potion of mutation
 D - 2 potions of haste
 J - 3 potions of resistance
Comestibles
 c - 21 rations
 Q - 5 chunks of flesh


   Skills:
 + Level 16.1 Fighting
 + Level 16.8 Axes
 - Level 13.0 Armour
 - Level 12.0 Dodging
 - Level 5.0 Stealth
 - Level 5.0 Evocations


You had 13 spell levels left.
You didn't know any spells.
Your spell library was empty.

Dungeon Overview and Level Annotations

Branches:
Dungeon (12/15)            Temple (0/1) D:7            Lair (6/6) D:10
  Swamp (0/4) Lair:4        Snake (0/4) Lair:4        Slime (0/5) Lair:5
    Orc (0/2) D:10

Altars:
Cheibriados
Fedhas
Gozag
Nemelex Xobeh
Ru
Vehumet
The Shining One
Jiyva

Shops:
D:7 (   D:11 (   D:12 [:!

Annotations:
D:12 Jorgrun
Lair:5 exclusion: 4 oklob plants


Innate Abilities, Weirdness & Mutations

You reflexively headbutt those who attack you in melee.
You have a pair of horns on your head.
Your mind is acute. (Int +2)
You have an increased reservoir of magic. (+10% MP)
Your spells are a little harder to cast, but a little more powerful.


Message History

The blast of rock fragments hits you but does no damage.
* * * LOW HITPOINT WARNING * * *
The grasping roots constrict you!!
You closely miss Jorgrun. Your headbutt misses Jorgrun.
Jorgrun is lightly wounded.
Jorgrun misses you. You furiously retaliate!
You headbutt Jorgrun! The grasping roots constrict you.
You cut Jorgrun into ribbons!!! You burn Jorgrun.
Jorgrun is heavily wounded.
You closely miss Jorgrun.
Jorgrun is heavily wounded.
Jorgrun barely misses you.
* * * LOW HITPOINT WARNING * * *
The grasping roots constrict you.
You barely miss Jorgrun.
Jorgrun is heavily wounded.
Jorgrun casts a spell at you. The iron shot hits you!!
* * * LOW HITPOINT WARNING * * *
You die...

######...# #.............
.........#####?...)..######
.....................# ###
#...................(# #..
#..............).....# #.#
#....................####.#
#......................>..#
###....###'######...........#
.......#....@g..#...........#
#####.)...#........#.........#..
.#...#.....#........#.#######.#.#
.#.. #...).##########.# #...#
.#.. #................# #...#
.#'###................## #.#.#
.......................# #...#
...................(...# #...#
.............(.........# #...#


You could see Jorgrun.

Vanquished Creatures
  Gastronok (D:11)
  7 hydras
  Erica (D:8)
  A centaur warrior (D:7)
  2 tengu warriors (D:12)
  6 two-headed ogres
  3 death yaks (Lair:5)
  Urug (Lair:4)
  A fire crab (Lair:5)
  An orc knight (D:12)
  Pikel (D:4)
  2 ugly things (D:12)
  An oklob plant (Lair:6)
  An elephant (Lair:1)
  6 cyclopes
  5 black mambas
  Psyche (D:8)
  A gargoyle (D:12)
  8 spiny frogs
  5 rime drakes
  A kobold demonologist (D:11)
  Maggie (D:7)
  7 komodo dragons
  A tengu conjurer (D:12)
  4 polar bears (Lair:6)
  3 trolls (D:12)
  Prince Ribbit (D:8)
  A slime creature (D:12)
  9 hornets
  7 hippogriffs
  13 blink frogs
  5 dream sheep (Lair:6)
  2 wraiths (D:12)
  18 spriggans
  A shadow (D:11)
  6 wyverns
  Grum (D:8)
  4 basilisks
  37 yaks
  2 hungry ghosts
  Menkaure (D:6)
  2 swamp worms (Lair:4)
  An acid dragon (D:12)
  A soldier ant (D:12)
  15 water moccasins
  14 porcupines
  5 black bears
  2 slaves (D:4)
  2 necrophages
  4 sky beasts
  2 ice beasts
  3 boggarts (Lair:6)
  7 orc warriors
  An eye of draining (D:12)
  3 phantoms
  7 ogres
  55 wolves
  4 centaurs
  13 crocodiles
  17 big kobolds
  2 gnoll sergeants
  12 bullfrogs
  A water moccasin zombie (D:10)
  A wyvern skeleton (D:7)
  8 scorpions
  12 killer bees
  5 wights (D:12)
  2 howler monkeys
  3 crimson imps
  3 bullfrog zombies
  10 hounds
  A centaur zombie (D:10)
  6 orc priests
  7 centaur skeletons
  A jelly (D:9)
  21 orc wizards
  2 bullfrog skeletons
  5 iguanas
  Jessica (D:3)
  15 worker ants
  2 hound zombies
  A hound skeleton (D:5)
  A howler monkey zombie (D:5)
  3 worker ant zombies
  22 gnolls
  9 adders
  4 shadow imps
  An ooze (D:5)
  A worm (D:5)
  8 leopard geckos
  61 orcs
  2 ball pythons
  7 bats
  7 giant cockroaches
  4 goblins
  4 hobgoblins
  3 jackals (D:7)
  4 quokkas
  7 frilled lizards
  A jackal skeleton (D:5)
  26 kobolds
  3 rats (D:1)
  20 fungi
  16 plants
673 creatures vanquished.

Vanquished Creatures (collateral kills)
  A slave (D:4)
  An orc (D:3)
2 creatures vanquished.

Vanquished Creatures (others)
  An ogre (D:4)
  11 fungi
  19 plants
31 creatures vanquished.

Grand Total: 706 creatures vanquished

Notes
Turn   | Place    | Note
-------+----------+-------------------------------------------
     0 | D:1      | Ijustatesigmund the Minotaur Berserker began the quest for
                  | the Orb.
     0 | D:1      | Reached XP level 1. HP: 19/19 MP: 0/0
   337 | D:1      | Reached XP level 2. HP: 27/27 MP: 1/1
  1150 | D:2      | Reached skill level 5 in Axes
  1150 | D:2      | Reached XP level 3. HP: 21/33 MP: 2/2
  1700 | D:2      | Reached XP level 4. HP: 31/41 MP: 3/3
  2403 | D:3      | Found an opulent altar of Gozag.
  2430 | D:3      | Reached ** piety under Trog
  2520 | D:3      | Noticed Jessica
  2527 | D:3      | Killed Jessica
  2714 | D:3      | Found a sacrificial altar of Ru.
  2743 | D:3      | Reached skill level 5 in Fighting
  2743 | D:3      | Reached XP level 5. HP: 40/48 MP: 4/4
  3115 | D:3      | Found a blossoming altar of Fedhas.
  3125 | D:3      | Found a radiant altar of Vehumet.
  3495 | D:4      | Reached XP level 6. HP: 56/56 MP: 5/5
  3514 | D:4      | Found a sparkling altar of Nemelex Xobeh.
  3884 | D:4      | Noticed a slave
  3892 | D:4      | Noticed a slave
  3904 | D:4      | Killed a slave
  3907 | D:4      | Noticed Pikel
  3907 | D:4      | Noticed a slave
  3913 | D:4      | Noticed a slave
  3920 | D:4      | Killed a slave
  3929 | D:4      | Killed a slave
  3930 | D:4      | Killed Pikel
  3930 | D:4      | Reached skill level 5 in Armour
  3930 | D:4      | Reached XP level 7. HP: 37/64 MP: 6/6
  4711 | D:5      | Entered Level 5 of the Dungeon
  4777 | D:5      | Reached XP level 8. HP: 70/71 MP: 7/7
  4882 | D:5      | Reached *** piety under Trog
  4883 | D:5      | Reached skill level 5 in Dodging
  5800 | D:6      | Got a smoking ring mail
  5849 | D:6      | Identified the +5 ring mail of the Harp {Str+6} (You found
                  | it on level 6 of the Dungeon)
  6093 | D:6      | Reached XP level 9. HP: 68/81 MP: 8/8
  6406 | D:6      | Found a snail-covered altar of Cheibriados.
  6522 | D:7      | Reached **** piety under Trog
  6842 | D:7      | Found Zanaff's Antique Weapon Boutique.
  6848 | D:7      | Noticed Maggie
  6858 | D:7      | Killed Maggie
  6926 | D:7      | Bought a faintly glowing flail for 263 gold pieces
  6926 | D:7      | Identified the +1 flail of Temyoqith {flame, Int+3} (You
                  | bought it in a shop on level 7 of the Dungeon)
  6954 | D:7      | Noticed a centaur warrior
  6962 | D:7      | Killed a centaur warrior
  6962 | D:7      | Reached skill level 10 in Axes
  7139 | D:7      | Noticed Menkaure
  7153 | D:6      | Killed Menkaure
  7153 | D:6      | Reached XP level 10. HP: 71/91 MP: 9/9
  7429 | D:7      | Found a staircase to the Ecumenical Temple.
  7749 | D:8      | Noticed Psyche
  7757 | D:8      | Killed Psyche
  7757 | D:8      | Reached skill level 10 in Fighting
  7864 | D:8      | Reached ***** piety under Trog
  7919 | D:8      | Noticed Grum
  7935 | D:8      | Killed Grum
  8139 | D:8      | Noticed Erica
  8144 | D:8      | Killed Erica
  8496 | D:8      | Noticed a two-headed ogre
  8502 | D:8      | Killed a two-headed ogre
  8502 | D:8      | Reached skill level 10 in Armour
  8724 | D:8      | Reached XP level 11. HP: 100/100 MP: 10/10
  8781 | D:8      | Noticed Prince Ribbit
  8789 | D:8      | Killed Prince Ribbit
  9480 | D:9      | Noticed a two-headed ogre
  9485 | D:9      | Received a gift from Trog
  9495 | D:9      | Killed a two-headed ogre
  9627 | D:9      | Noticed a two-headed ogre
  9634 | D:9      | Killed a two-headed ogre
 10233 | D:10     | Entered Level 10 of the Dungeon
 10443 | D:10     | Found a staircase to the Orcish Mines.
 10515 | D:10     | Found a staircase to the Lair.
 10642 | D:10     | Reached skill level 10 in Dodging
 10645 | Lair:1   | Entered Level 1 of the Lair of Beasts
 11637 | Lair:2   | Received a gift from Trog
 11684 | Lair:2   | Reached XP level 12. HP: 111/111 MP: 11/11
 11913 | Lair:2   | Noticed a six-headed hydra
 11919 | Lair:2   | Killed a four-headed hydra
 13263 | Lair:4   | Found a staircase to the Snake Pit.
 13274 | Lair:4   | Reached skill level 1 in Stealth
 13274 | Lair:4   | Reached skill level 1 in Evocations
 13393 | Lair:4   | Noticed Urug
 13702 | Lair:4   | Killed Urug
 14226 | Lair:4   | Reached ****** piety under Trog
 14321 | Lair:4   | Noticed a five-headed hydra
 14328 | Lair:4   | Killed a three-headed hydra
 14329 | Lair:4   | Found a staircase to the Swamp.
 14636 | Lair:4   | Noticed a four-headed hydra
 14642 | Lair:4   | Killed a one-headed hydra
 14737 | Lair:4   | Reached skill level 5 in Stealth
 14737 | Lair:4   | Reached skill level 5 in Evocations
 15194 | Lair:5   | Reached XP level 13. HP: 118/118 MP: 15/15
 15216 | Lair:5   | Received a gift from Trog
 15771 | Lair:5   | Found a viscous altar of Jiyva.
 15944 | Lair:5   | Found a staircase to the Slime Pits.
 16680 | Lair:5   | Gained mutation: You have an increased reservoir of magic.
                  | (+10% MP) [potion of mutation]
 16680 | Lair:5   | Gained mutation: Your mind is acute. (Int +2) [potion of
                  | mutation]
 16680 | Lair:5   | Gained mutation: Your spells are a little harder to cast,
                  | but a little more powerful. [potion of mutation]
 16798 | Lair:6   | Entered Level 6 of the Lair of Beasts
 17792 | Lair:6   | Paralysed by a hornet for 3 turns
 18410 | Lair:6   | Reached skill level 15 in Axes
 18538 | Lair:6   | Reached XP level 14. HP: 126/132 MP: 18/18
 18917 | Lair:6   | Received a gift from Trog
 19442 | Lair:6   | Upgraded the game from 0.26-a0-49-g0e6732e0a6 to
                  | 0.26-a0-58-g79b31b8662
 19804 | D:10     | Got a brightly glowing scale mail
 20164 | D:10     | Identified the +3 scale mail "Hero's Friend" {+Blink Str+4}
                  | (You found it on level 10 of the Dungeon)
 20281 | D:11     | Found Buheh's Weapon Emporium.
 20472 | D:11     | Reached skill level 15 in Fighting
 20506 | D:11     | Noticed Gastronok
 20517 | D:11     | Killed Gastronok
 20786 | D:11     | Found a glowing golden altar of the Shining One.
 20799 | D:11     | Received a gift from Trog
 21051 | D:12     | Found Duvot's Antique Armour Emporium.
 21065 | D:12     | Bought a pair of embroidered gloves for 217 gold pieces
 21087 | D:12     | Found Vuef's Book Shop.
 21100 | D:12     | Found Kuwyih's Distillery.
 21112 | D:12     | Bought a potion of heal wounds for 60 gold pieces
 21112 | D:12     | Bought a potion of mutation for 96 gold pieces
 21112 | D:12     | Bought a potion of heal wounds for 60 gold pieces
 21749 | D:12     | Noticed Jorgrun
 21769 | D:12     | HP: 3/205 [Jorgrun/iron shot (30)]
 21769 | D:12     | Slain by Jorgrun

Illustrated notes

Levels and vault maps discovered:
D:1:      heliophobic_arrival_henge, layout_basic, minmay_tromino_i4
D:2:      layout_basic, first_ration, serial_bayou_lagoon_a,
          chequers_serial_rivers_micro_b
D:3:      layout_loops_ring, amethyst_overflow_temple_binary,
          overflow_temple_1_default, minmay_hedge_maze, nicolae_ru_awakened_eye,
          uniq_jessica
D:4:      kennysheep_big_flooded_room, layout_loops_ring,
          nemelex_xobeh_ov_fountains_minmay, uniq_pikel
D:5:      layout_basic, zaba_anthole
D:6:      layout_basic, lemuel_coloured_pillars_altar
D:7:      layout_cave_pools, temple_doors_e, serial_shops, nicolae_shop_trees,
          minmay_three_doors, uniq_menkaure, uniq_maggie
D:8:      layout_layer_cave, grunt_pizzeria, uniq_erica, uniq_grum, uniq_harold,
          uniq_prince_ribbit1, uniq_psyche
D:9:      layout_long_grid, hangedman_corner_corridor
D:10:     kennysheep_spiral_hall, layout_basic, due_lair_maze_entry_diamond,
          chequers_garden, small_statue_alley_b, serial_park_tiny_2
D:11:     layout_roguey [special_room_kobold], serial_shops,
          nicolae_shop_waterfront, basic_altar, item_on_display_a,
          uniq_gastronok
D:12:     layout_irregular_city, serial_shops, shop, nicolae_shop_crystal, shop,
          minmay_the_grid_2x2 [minmay_the_grid_minigrid_large,
          minmay_the_grid_outer_diamond, minmay_the_grid_box_x,
          minmay_the_grid_prize_big_room], uniq_jorgrun
Lair:1:   layout_roguey, wad_woods_02
Lair:2:   layout_roguey, serial_bayou_shore_a, grunt_megastairs_1
Lair:3:   layout_cave_shapes
Lair:4:   layout_gridlike, palyth_hydra_swamp_entry, dummy_snake_entry,
          minmay_holes, grunt_forest_large_clearings, uniq_urug
Lair:5:   layout_regular_city, slime_altar_1, grunt_megastairs_5,
          minmay_lair_oklob_chamber
Lair:6:   minmay_lair_end_enchanted_forest, layout_gridlike

Skill      XL: |  1  2  3  4  5  6  7  8  9 10 11 12 13 14 |
---------------+-------------------------------------------+-----
Axes           | 4 5 6 7 9 10 11 12 13 15 16 | 16.8
Fighting       | 4 5 6 8 9 10 12 14 16 | 16.1
Armour         | 3 5 6 8 10 11 13 | 13.0
Dodging        | 4 6 7 9 10 12 | 12.0
Stealth        | 5 |  5.0
Evocations     | 5 |  5.0

Action                   |  1- 3 |  4- 6 |  7- 9 | 10-12 | 13-15 || total
-------------------------+-------+-------+-------+-------+-------++-------
Melee: Hand axe          |    56 |    65 |       |       |       ||   121
       Headbutt          |     8 |    23 |    45 |    82 |   128 ||   286
       War axe           |       |    74 |   201 |     5 |    93 ||   373
       Flail             |       |       |    23 |    35 |       ||    58
       Broad axe         |       |       |       |   132 |       ||   132
       Executioner's axe |       |       |       |   254 |   432 ||   686
Throw: Dart              |       |     8 |     1 |     4 |     9 ||    22
Invok: Berserk           |     1 |       |     2 |     2 |     1 ||     6
       Trog's Hand       |       |     2 |       |       |     3 ||     5
Evoke: Wand              |       |     3 |       |       |       ||     3
  Use: Scroll            |     4 |     6 |     6 |     5 |     8 ||    29
       Potion            |     1 |     1 |     1 |       |     5 ||     8
 Stab: Sleeping          |     1 |       |       |       |     2 ||     3
       Distracted        |       |       |       |     1 |     3 ||     4
  Eat: Chunk             |     4 |     7 |    12 |    23 |    17 ||    63
       Ration            |       |       |       |     2 |     2 ||     4
Armor: Animal skin       |    12 |       |       |       |       ||    12
       Scale mail        |     9 |    17 |       |       |       ||    26
       Plate armour      |       |    44 |    77 |       |       ||   121
       Ring mail         |       |       |    58 |   159 |   190 ||   407
Dodge: Dodged            |    43 |    64 |   147 |   496 |   633 ||  1383

Table legend:
 A = Non-vault XP
 B = Vault XP
 C = Vault XP percentage of total XP
 D = Non-vault monster count
 E = Vault monster count
 F = Vault count percentage of total count
                 A         B        C        D         E       F
            +---------+---------+-------+---------+---------+-------
      Total |   58246 |   36485 |  38.5 |     461 |     175 |  27.5
            +---------+---------+-------+---------+---------+-------
        D:1 |      24 |       6 |  20.0 |      16 |       3 |  15.8
        D:2 |      98 |       0 |   0.0 |      14 |       0 |   0.0
        D:3 |     126 |      37 |  22.7 |      18 |       1 |   5.3
        D:4 |     433 |     657 |  60.3 |      24 |       1 |   4.0
        D:5 |     517 |     201 |  28.0 |      27 |       6 |  18.2
        D:6 |     999 |     172 |  14.7 |      21 |       1 |   4.5
        D:7 |    2160 |    1417 |  39.6 |      30 |       4 |  11.8
        D:8 |    2093 |    2421 |  53.6 |      26 |       9 |  25.7
        D:9 |    3232 |     489 |  13.1 |      41 |       6 |  12.8
       D:10 |    2187 |    1016 |  31.7 |      35 |      11 |  23.9
       D:11 |    4460 |    4030 |  47.5 |      37 |      25 |  40.3
       D:12 |    8175 |    6056 |  42.6 |      40 |      19 |  32.2
     Lair:1 |    2532 |    1177 |  31.7 |      15 |       4 |  21.1
     Lair:2 |    4957 |     895 |  15.3 |      18 |       6 |  25.0
     Lair:3 |    1824 |       0 |   0.0 |      11 |       0 |   0.0
     Lair:4 |    2770 |    6706 |  70.8 |      15 |      29 |  65.9
     Lair:5 |    8626 |    2823 |  24.7 |      22 |       5 |  18.5
     Lair:6 |   13033 |    8382 |  39.1 |      51 |      45 |  46.9
            +---------+---------+-------+---------+---------+-------
